TOP OF THE 1ST |
Santa Monica Bruins batting - Pitching for Gresham Gold Souls : RHP Mike Moyer
|
Pitching: RHP Mike Moyer
|
|
Batting: LHB Michael Myers
|
0-0: Called Strike 0-1: DOUBLE (Flyball, 8RD)
|
Batting: LHB Arthur MacDonald
|
0-0: Fly out, F9 (Flyball, 9S)
|
Batting: RHB Luis Martínez
|
0-0: Called Strike Michael Myers steals 3rd base 0-1: SINGLE (Line Drive, 6D) Michael Myers scores
|
Batting: RHB Tadakuni Sugiyama
|
0-0: Swinging Strike 0-1: Ball 1-1: Called Strike 1-2: Ball 2-2: Ball 3-2: Fly out, F7 (Flyball, 7)
|
Batting: LHB César Valentín
|
0-0: Foul Ball, location: 2F 0-1: Foul Ball, location: 2F 0-2: Ball 1-2: Ball 2-2: Ball 3-2: Fly out, F8 (Flyball, 78D)
|
Top of the 1st over - 1 run, 2 hits, 0 errors, 1 left on base; Santa Monica 1 - Gresham 0 |
BOTTOM OF THE 1ST |
Gresham Gold Souls batting - Pitching for Santa Monica Bruins : RHP Manny Silva
|
Pitching: RHP Manny Silva
|
|
Batting: SHB Dawson Fowler
|
0-0: Bunt missed! 0-1: Fly out, F5 (Popup, 25F)
|
Batting: RHB Jared Thompson
|
0-0: Fly out, F7 (Flyball, 7LSF)
|
Batting: LHB Jeff Forsyth
|
0-0: Ball 1-0: Called Strike 1-1: Foul Ball, location: 2F 1-2: Ball 2-2: Strikes out swinging
|
Bottom of the 1st over - 0 runs, 0 hits, 0 errors, 0 left on base; Santa Monica 1 - Gresham 0 |
TOP OF THE 2ND |
Santa Monica Bruins batting - Pitching for Gresham Gold Souls : RHP Mike Moyer
|
Batting: LHB Noriaki Sangi
|
0-0: Ball 1-0: Foul Ball, location: 2F 1-1: Ball 2-1: Foul Ball, location: 2F 2-2: Ball 3-2: Foul Ball, location: 2F 3-2: Fly out, F6 (Popup, 6S)
|
Batting: RHB Salvador Salas
|
0-0: Ground out 5-3 (Groundball, 5)
|
Batting: RHB Ernest Russell
|
0-0: Ball 1-0: Called Strike 1-1: Called Strike 1-2: Strikes out looking
|
Top of the 2nd over - 0 runs, 0 hits, 0 errors, 0 left on base; Santa Monica 1 - Gresham 0 |
BOTTOM OF THE 2ND |
Gresham Gold Souls batting - Pitching for Santa Monica Bruins : RHP Manny Silva
|
Batting: LHB Millard Dye
|
0-0: Ball 1-0: Called Strike 1-1: Ground out 4-3 (Groundball, 4MD)
|
Batting: LHB Bill Smith
|
0-0: Ball 1-0: Called Strike 1-1: Ball 2-1: Foul Ball, location: 2F 2-2: Ball 3-2: Foul Ball, location: 2F 3-2: Ground out 4-3 (Groundball, 4S)
|
Batting: LHB Jeff Douglas
|
0-0: Ball 1-0: Called Strike 1-1: Called Strike 1-2: Ball 2-2: Ball 3-2: SOLO HOME RUN (Flyball, 9LD), Distance : 358 ft
|
Batting: RHB Mario Méndez
|
0-0: Ball 1-0: Foul Ball, location: 2F 1-1: Ball 2-1: Ball 3-1: Base on Balls
|
Batting: RHB Willie Houk
|
Pickoff Throw to First - Out!
|
Bottom of the 2nd over - 1 run, 1 hit, 0 errors, 0 left on base; Santa Monica 1 - Gresham 1 |
TOP OF THE 3RD |
Santa Monica Bruins batting - Pitching for Gresham Gold Souls : RHP Mike Moyer
|
Batting: LHB Gonzalo Benítez
|
0-0: Ball 1-0: Ground out 5-3 (Groundball, 56S)
|
Batting: LHB Michael Myers
|
0-0: Ball 1-0: Ball 2-0: Ball 3-0: Foul Ball, location: 2F 3-1: Base on Balls
|
Batting: LHB Arthur MacDonald
|
0-0: Ball 1-0: Called Strike 1-1: SINGLE (Flyball, 7LM) Michael Myers to second
|
Batting: RHB Luis Martínez
|
0-0: Called Strike 0-1: Swinging Strike 0-2: Ball 1-2: Foul Ball, location: 2F 1-2: Ball 2-2: Fly out, F8 (Flyball, 8LM)
|
Batting: RHB Tadakuni Sugiyama
|
0-0: Foul Ball, location: 2F 0-1: Foul Ball, location: 2F 0-2: Fly out, F9 (Flyball, 89D)
|
Top of the 3rd over - 0 runs, 1 hit, 0 errors, 2 left on base; Santa Monica 1 - Gresham 1 |
BOTTOM OF THE 3RD |
Gresham Gold Souls batting - Pitching for Santa Monica Bruins : RHP Manny Silva
|
Batting: RHB Willie Houk
|
0-0: Called Strike 0-1: Foul Ball, location: 2F 0-2: Ball 1-2: Strikes out swinging
|
Batting: RHB Augusto Baiano
|
0-0: Called Strike 0-1: SINGLE (Groundball, 34D)
|
Batting: SHB Dawson Fowler
|
0-0: Ball 1-0: Ball 2-0: Ball 3-0: Base on Balls Augusto Baiano to second
|
Batting: RHB Jared Thompson
|
0-0: Ball 1-0: Swinging Strike 1-1: Called Strike 1-2: Single, Error in OF, E9, batter to second base Augusto Baiano scores Dawson Fowler to third
|
Batting: LHB Jeff Forsyth
|
0-0: Ball 1-0: Swinging Strike 1-1: Fly out, F7 (Flyball, 7) Runner from 3rd tags up, SCORES, throw made
|
Batting: LHB Millard Dye
|
0-0: Ball 1-0: Ground out 6-3 (Groundball, 6)
|
Bottom of the 3rd over - 2 runs, 2 hits, 1 error, 1 left on base; Santa Monica 1 - Gresham 3 |
TOP OF THE 4TH |
Santa Monica Bruins batting - Pitching for Gresham Gold Souls : RHP Mike Moyer
|
Batting: LHB César Valentín
|
0-0: Ball 1-0: Ball 2-0: SINGLE (Groundball, 34D)
|
Batting: LHB Noriaki Sangi
|
0-0: Ball 1-0: Foul Ball, location: 2F 1-1: Called Strike 1-2: Ball 2-2: SINGLE (Groundball, 34D) César Valentín to second Runner from 2nd tries for 3rd, SAFE, no throw
|
Batting: RHB Salvador Salas
|
0-0: Ball 1-0: Ball 2-0: Foul Ball, location: 2F 2-1: Fly out, F8 (Flyball, 89M)
|
Batting: RHB Ernest Russell
|
0-0: Ground out 6-3 (Groundball, 6S) César Valentín scores Noriaki Sangi to second
|
Batting: LHB Gonzalo Benítez
|
0-0: Ground out 4-3 (Groundball, 4S)
|
Top of the 4th over - 1 run, 2 hits, 0 errors, 1 left on base; Santa Monica 2 - Gresham 3 |
BOTTOM OF THE 4TH |
Gresham Gold Souls batting - Pitching for Santa Monica Bruins : RHP Manny Silva
|
Batting: LHB Bill Smith
|
0-0: Ball 1-0: SINGLE (Flyball, 56D)
|
Batting: LHB Jeff Douglas
|
0-0: Called Strike 0-1: Foul Ball, location: 2F 0-2: Ball 1-2: Ball 2-2: Foul Ball, location: 2F 2-2: Foul Ball, location: 2F 2-2: Ball 3-2: Foul Ball, location: 2F 3-2: DOUBLE (Flyball, 89XD) Bill Smith to third
|
Batting: RHB Mario Méndez
|
0-0: Called Strike 0-1: Ball 1-1: Called Strike 1-2: Fly out, F8 (Flyball, 8LM) Runner from 3rd tags up, SCORES, throw made
|
Batting: RHB Willie Houk
|
0-0: Ball 1-0: Ball 2-0: Ball 3-0: Base on Balls
|
Batting: RHB Augusto Baiano
|
0-0: Called Strike 0-1: Grounds into double play, 6-4-3 (Groundball, 56)
|
Bottom of the 4th over - 1 run, 2 hits, 0 errors, 1 left on base; Santa Monica 2 - Gresham 4 |
TOP OF THE 5TH |
Santa Monica Bruins batting - Pitching for Gresham Gold Souls : RHP Mike Moyer
|
Batting: LHB Michael Myers
|
0-0: Swinging Strike 0-1: SINGLE (Groundball, 3L) (infield hit)
|
Batting: LHB Arthur MacDonald
|
0-0: Fly out, F3 (Popup, 34S)
|
Batting: RHB Luis Martínez
|
0-0: Foul Ball, location: 2F 0-1: Ball 1-1: Ball 2-1: Ball Michael Myers steals 2nd base 3-1: Ground out 6-3 (Groundball, 6) Michael Myers to third
|
Batting: RHB Tadakuni Sugiyama
|
0-0: SINGLE (Line Drive, 56) Michael Myers scores
|
Batting: LHB César Valentín
|
0-0: Foul Ball, location: 2F 0-1: Fly out, F8 (Flyball, 8LD)
|
Top of the 5th over - 1 run, 2 hits, 0 errors, 1 left on base; Santa Monica 3 - Gresham 4 |
BOTTOM OF THE 5TH |
Gresham Gold Souls batting - Pitching for Santa Monica Bruins : RHP Manny Silva
|
Batting: SHB Dawson Fowler
|
0-0: Called Strike 0-1: Ball 1-1: Ball 2-1: Swinging Strike 2-2: Strikes out swinging
|
Batting: RHB Jared Thompson
|
0-0: Ground out 4-3 (Groundball, 4M)
|
Batting: LHB Jeff Forsyth
|
0-0: Fly out, F9 (Flyball, 89M)
|
Bottom of the 5th over - 0 runs, 0 hits, 0 errors, 0 left on base; Santa Monica 3 - Gresham 4 |
TOP OF THE 6TH |
Santa Monica Bruins batting - Pitching for Gresham Gold Souls : RHP Mike Moyer
|
Batting: LHB Noriaki Sangi
|
0-0: Called Strike 0-1: Swinging Strike 0-2: Ball 1-2: Foul Ball, location: 2F 1-2: Ball 2-2: Foul Ball, location: 2F 2-2: Ball 3-2: Base on Balls
|
Batting: RHB Salvador Salas
|
0-0: Called Strike 0-1: Fly out, F9 (Flyball, 9)
|
Batting: RHB Ernest Russell
|
0-0: Called Strike 0-1: Swinging Strike 0-2: Ball 1-2: Foul Ball, location: 2F 1-2: Ball 2-2: Strikes out swinging
|
Batting: LHB Gonzalo Benítez
|
0-0: Ball 1-0: Ground out 6-3 (Groundball, 6MS)
|
Top of the 6th over - 0 runs, 0 hits, 0 errors, 1 left on base; Santa Monica 3 - Gresham 4 |
BOTTOM OF THE 6TH |
Gresham Gold Souls batting - Pitching for Santa Monica Bruins : RHP Manny Silva
|
Batting: LHB Millard Dye
|
0-0: Foul Ball, location: 2F 0-1: Ball 1-1: Swinging Strike 1-2: Ball 2-2: Ball 3-2: Base on Balls
|
Pinch Runner at 1st Jermaine Carter:
|
|
Batting: LHB Bill Smith
|
0-0: Ball 1-0: Foul Ball, location: 2F 1-1: Ball 2-1: Foul Ball, location: 2F 2-2: SINGLE (Groundball, 3D) Jermaine Carter to second Runner from 2nd tries for 3rd, SAFE, no throw
|
Pitching: RHP Joe Shoemaker
|
|
Batting: LHB Jeff Douglas
|
0-0: Swinging Strike 0-1: Ball 1-1: DOUBLE (Flyball, 8RXD) Jermaine Carter scores Bill Smith to third
|
Batting: RHB Mario Méndez
|
0-0: Called Strike 0-1: Foul Ball, location: 2F 0-2: Ball 1-2: Ball 2-2: Ball 3-2: Base on Balls
|
Batting: RHB Willie Houk
|
0-0: Fly out, F7 (Flyball, 7LS) Runner from 3rd tags up, SCORES, no throw
|
Batting: RHB Augusto Baiano
|
0-0: Ball 1-0: Foul Ball, location: 2F 1-1: Swinging Strike 1-2: Ball 2-2: Foul Ball, location: 2F 2-2: Grounds into double play, 5-4-3 (Groundball, 56)
|
Bottom of the 6th over - 2 runs, 2 hits, 0 errors, 1 left on base; Santa Monica 3 - Gresham 6 |
TOP OF THE 7TH |
Santa Monica Bruins batting - Pitching for Gresham Gold Souls : RHP Mike Moyer
|
Pitching: RHP Pat Wyatt
|
|
Batting: LHB Michael Myers
|
0-0: Ball 1-0: Ball 2-0: Ball 3-0: Called Strike 3-1: Ground out 1-3 (Groundball, 15S)
|
Batting: LHB Arthur MacDonald
|
0-0: Swinging Strike 0-1: Ball 1-1: Ball 2-1: SINGLE (Flyball, 9LS)
|
Batting: RHB Luis Martínez
|
0-0: Ball 1-0: Foul Ball, location: 2F 1-1: Swinging Strike 1-2: Ball Arthur MacDonald steals 2nd base 2-2: Ball 3-2: Foul Ball, location: 2F 3-2: Base on Balls
|
Batting: RHB Tadakuni Sugiyama
|
0-0: Called Strike Arthur MacDonald is caught stealing 3rd base 0-1: Ball 1-1: Ball 2-1: Fly out, F7 (Flyball, 7LSF)
|
Top of the 7th over - 0 runs, 1 hit, 0 errors, 1 left on base; Santa Monica 3 - Gresham 6 |
BOTTOM OF THE 7TH |
Gresham Gold Souls batting - Pitching for Santa Monica Bruins : RHP Joe Shoemaker
|
Batting: SHB Dawson Fowler
|
0-0: Called Strike 0-1: Swinging Strike 0-2: Strikes out looking
|
Batting: RHB Jared Thompson
|
0-0: Ball 1-0: Swinging Strike 1-1: Ball 2-1: Foul Ball, location: 2F 2-2: Ball 3-2: SINGLE (Groundball, 34D)
|
Batting: LHB Jeff Forsyth
|
0-0: Ball 1-0: Ball 2-0: SINGLE (Flyball, 9S) Jared Thompson to second Runner from 2nd tries for 3rd, OUT!
|
Batting: LHB Jermaine Carter
|
0-0: Ball 1-0: Foul Ball, location: 2F 1-1: Ground out 4-3 (Groundball, 4M)
|
Bottom of the 7th over - 0 runs, 2 hits, 0 errors, 1 left on base; Santa Monica 3 - Gresham 6 |
TOP OF THE 8TH |
Santa Monica Bruins batting - Pitching for Gresham Gold Souls : RHP Pat Wyatt
|
Now at 2B: Adam Thomas
|
|
Now in CF: Gustavo Pagán
|
|
Batting: LHB César Valentín
|
0-0: Foul Ball, location: 2F 0-1: Ball 1-1: Swinging Strike 1-2: Foul Ball, location: 2F 1-2: Ball 2-2: Foul Ball, location: 2F 2-2: Ball 3-2: Reached via error on a dropped throw, E3
|
Batting: LHB Noriaki Sangi
|
0-0: Ball 1-0: Ball 2-0: Ball 3-0: Base on Balls César Valentín to second
|
Batting: RHB Salvador Salas
|
0-0: Ball 1-0: Called Strike 1-1: Ball 2-1: Swinging Strike 2-2: Strikes out swinging
|
Batting: RHB Ernest Russell
|
0-0: Swinging Strike 0-1: SINGLE (Groundball, 3D) César Valentín to third Noriaki Sangi to second Runner from 3rd tries for Home, SAFE, no throw
|
Pitching: RHP Ramón Marerro
|
|
Pinch Hitting: LHB George Wood
|
0-0: Called Strike 0-1: Foul Ball, location: 2F 0-2: SINGLE (Line Drive, 3D) Noriaki Sangi to third Ernest Russell to second Runner from 3rd tries for Home, SAFE, no throw
|
Batting: LHB Michael Myers
|
0-0: Ball 1-0: Ball 2-0: TRIPLE (Flyball, 8LXD) Ernest Russell scores George Wood scores
|
Batting: LHB Arthur MacDonald
|
0-0: Ball 1-0: Ball 2-0: Ball 3-0: Base on Balls
|
Batting: RHB Luis Martínez
|
0-0: Ball 1-0: Ball 2-0: Fly out, F8 (Flyball, 8LM) Runner from 3rd tags up, SCORES, no throw
|
Batting: RHB Tadakuni Sugiyama
|
0-0: Swinging Strike 0-1: Ball 1-1: Called Strike 1-2: Foul Ball, location: 2F 1-2: Foul Ball, location: 2F 1-2: 2-RUN HOME RUN (Flyball, 7LD), Distance : 343 ft
|
Pitching: RHP Jeff Hansen
|
|
Batting: LHB César Valentín
|
0-0: Ball 1-0: Called Strike 1-1: Ball 2-1: Fly out, F4 (Popup, 34D)
|
Top of the 8th over - 7 runs, 4 hits, 1 error, 0 left on base; Santa Monica 10 - Gresham 6 |
BOTTOM OF THE 8TH |
Gresham Gold Souls batting - Pitching for Santa Monica Bruins : RHP Joe Shoemaker
|
Now in CF: Gustavo Torres
|
|
Batting: RHB Gustavo Pagán
|
0-0: Ground out U3 (Groundball, 34)
|
Batting: LHB Jeff Douglas
|
0-0: Ball 1-0: Called Strike 1-1: Foul Ball, location: 2F 1-2: Ball 2-2: Ball 3-2: SINGLE (Groundball, 6) (infield hit)
|
Batting: RHB Mario Méndez
|
0-0: Swinging Strike 0-1: Foul Ball, location: 2F 0-2: Ground out 5-3 (Groundball, 5S) Jeff Douglas to second
|
Batting: RHB Willie Houk
|
0-0: Foul Ball, location: 2F 0-1: Foul Ball, location: 2F 0-2: Ball 1-2: Foul Ball, location: 2F 1-2: Strikes out swinging
|
Bottom of the 8th over - 0 runs, 1 hit, 0 errors, 1 left on base; Santa Monica 10 - Gresham 6 |
TOP OF THE 9TH |
Santa Monica Bruins batting - Pitching for Gresham Gold Souls : RHP Jeff Hansen
|
Batting: LHB Noriaki Sangi
|
0-0: Called Strike 0-1: SOLO HOME RUN (Flyball, 9D), Distance : 377 ft
|
Batting: RHB Salvador Salas
|
0-0: Foul Ball, location: 2F 0-1: Ball 1-1: Foul Ball, location: 2F 1-2: Ground out 6-3 (Groundball, 6)
|
Batting: RHB Ernest Russell
|
0-0: Foul Ball, location: 2F 0-1: Ball 1-1: Ball 2-1: Swinging Strike 2-2: Ball 3-2: Strikes out looking
|
Batting: RHB Gustavo Torres
|
0-0: Called Strike 0-1: Ball 1-1: Reached on error, E6 (Groundball, 6)
|
Batting: LHB Michael Myers
|
0-0: Foul Ball, location: 2F 0-1: Ball 1-1: Foul Ball, location: 2F 1-2: Foul Ball, location: 2F 1-2: Ball 2-2: Ball 3-2: Ground out 1-3 (Groundball, P)
|
Top of the 9th over - 1 run, 1 hit, 1 error, 1 left on base; Santa Monica 11 - Gresham 6 |
BOTTOM OF THE 9TH |
Gresham Gold Souls batting - Pitching for Santa Monica Bruins : RHP Joe Shoemaker
|
Now at SS: Matt O'Rourke
|
|
Batting: RHB Augusto Baiano
|
0-0: Called Strike 0-1: Swinging Strike 0-2: Ground out U3 (Groundball, 3)
|
Batting: SHB Dawson Fowler
|
0-0: Called Strike 0-1: Ball 1-1: Ball 2-1: DOUBLE (Line Drive, 9LM)
|
Batting: RHB Adam Thomas
|
0-0: Ground out 5-3 (Groundball, 56S) Dawson Fowler to third
|
Batting: LHB Jeff Forsyth
|
0-0: Ball 1-0: Swinging Strike 1-1: Ball 2-1: Called Strike 2-2: Strikes out swinging
|
Bottom of the 9th over - 0 runs, 1 hit, 0 errors, 1 left on base; Santa Monica 11 - Gresham 6 |
|